 Dungeon Crawl Stone Soup version 0.30.1 (webtiles) character file.

Game seed: 5826179227443191180

1962 Graphine the Shooter (level 9, 0/68 HPs)
             Began as a Formicid Hunter on July 8, 2023.
             Was an Elder of Wu Jian.
             Slain by an orc knight
             ... wielding a +2 battleaxe
              (11 damage)
             ... on level 7 of the Dungeon.
             The game lasted 00:12:13 (5900 turns).

Graphine the Shooter (Formicid Hunter)              Turns: 5900, Time: 00:12:14

Health: 0/68       AC:  7    Str: 16    XL:     9   Next: 42%
Magic:  9/9        EV: 15    Int:  9    God:    Wu Jian [****..]
Gold:   418        SH:  5    Dex: 26    Spells: 8/8 levels left

rFire   . . .        l - +2 dagger (drain)
rCold   . . .        (no shield)
rNeg    . . .        s - +1 steam dragon scales
rPois   +            (helmet unavailable)
rElec   .            (no cloak)
rCorr   +            (no gloves)
SInv    +            (no boots)
Will    .....        n - amulet "Cipiehol" {Reflect rPois Dex+5 SH+5}
Stlth   ++++         k - ring of resist corrosion
HPRegen 0.31/turn    m - +4 ring of slaying
MPRegen 0.11/turn

%: reflection
@: mighty
A: permanent stasis, dig shafts and tunnels, antennae 3, four strong arms
a: Dig, Shaft Self, Renounce Religion, Wall Jump, Serpent's Lash


You were on level 7 of the Dungeon.
You worshipped Wu Jian.
Wu Jian was greatly pleased with you.
You visited 1 branch of the dungeon, and saw 7 of its levels.

You collected 418 gold pieces.

Inventory:

Hand Weapons
 a - a +0 shortbow
 l - a +2 dagger of draining (weapon)
Armour
 s - +1 steam dragon scales (worn)
Jewellery
 i - an amulet of faith
 k - a ring of resist corrosion (left hand)
 m - a +4 ring of slaying (right hand)
 n - the amulet "Cipiehol" (around neck) {Reflect rPois Dex+5 SH+5}
   (You found it on level 2 of the Dungeon)

   [amulet of reflection]

   It reflects blocked missile attacks.
   Dex:       It affects your dexterity (+5).
   rPois:     It protects you from poison.
   SH:        It affects your SH (+5).
Scrolls
 b - 4 scrolls of immolation
 e - a scroll of amnesia
 h - 2 scrolls of identify
 q - a scroll of poison
Potions
 d - 2 potions of cancellation
 f - 7 potions of magic
 g - 2 potions of mutation
 j - a potion of might
 o - 4 potions of flight
 p - a potion of resistance
 r - 2 potions of curing


   Skills:
 + Level 5.3 Fighting
 * Level 7.6 Ranged Weapons
 + Level 4.8 Armour
 + Level 4.4 Dodging
 + Level 5.9 Stealth
 + Level 4.4 Shields


You had 8 spell levels left.
You didn't know any spells.
Your spell library contained the following spells:

 Spells                   Type           Power      Damage    Failure   Level
 Apportation              Tloc           0%         N/A       38%         1
 Necrotise                Necr           0%         1d4       38%         1
 Sandblast                Erth           0%         2d4       38%         1
 Summon Small Mammal      Summ           0%         N/A       38%         1
 Ensorcelled Hibernation  Hex/Ice        0%         N/A       52%         2
 Passwall                 Tmut/Erth      0%         N/A       52%         2
 Static Discharge         Conj/Air       0%         2-2/arc   52%         2
 Gell's Gravitas          Tloc           0%         N/A       77%         3
 Ignite Poison            Fire/Tmut/Pois 0%         N/A       77%         3
 Stone Arrow              Conj/Erth      0%         3d7       77%         3
 Teleport Other           Tloc           0%         N/A       77%         3
 Airstrike                Air            0%         2d(0-16)  99%         4
 Sticky Flame             Conj/Fire      0%         2d3       99%         4
 Summon Lightning Spire   Summ/Air       0%         N/A       99%         4
 Dispersal                Tloc           0%         N/A       100%        6
 Ignition                 Fire           0%         3d3       100%        8
 Swiftness                Air            Unusable   N/A       N/A         3

Dungeon Overview and Level Annotations

Branches:
Dungeon (7/15)             Temple (0/1) D:5

Altars:
Ashenzari
Cheibriados
Qazlal
Ru
Wu Jian
Xom
The Shining One


Innate Abilities, Weirdness & Mutations

You cannot be hasted, slowed, berserked, paralysed or teleported.
You can dig through walls and to a lower floor.
You have a pair of large antennae on your head. (SInv)
Your four strong arms can wield two-handed weapons with a shield.


Message History

The orc knight is moderately wounded.
Fire: a) +0 shortbow
Press: ? - help, Q - select action, (/) - cycle Shift-Dir - straight line, f/p - orc knight
Aim: an orc knight, wielding a +2 battleaxe and wearing a +0 chain mail (moderately wounded, 70% to hit)
You shoot an arrow.
The arrow hits the orc knight but does no damage.
The orc knight is moderately wounded.
You feel very mighty all of a sudden.
Fire: a) +0 shortbow
Press: ? - help, Q - select action, (/) - cycle Shift-Dir - straight line, f/p - orc knight
Aim: an orc knight, wielding a +2 battleaxe and wearing a +0 chain mail (moderately wounded, 70% to hit)
You shoot an arrow.
The arrow closely misses the orc knight.
Fire: a) +0 shortbow
Press: ? - help, Q - select action, (/) - cycle Shift-Dir - straight line, f/p - orc knight
Aim: an orc knight, wielding a +2 battleaxe and wearing a +0 chain mail (moderately wounded, 70% to hit)
You shoot an arrow.
The arrow hits the orc knight but does no damage.
The orc knight is moderately wounded.
You sense an unholy aura.
l - a +2 dagger of draining (weapon)
The orc knight closely misses you.
You hit the orc knight.
The orc knight is moderately wounded.
The orc knight hits you with a +2 battleaxe!
You hit the orc knight. You drain the orc knight.
The orc knight is moderately wounded.
The orc knight closely misses you.
You puncture the orc knight! You drain the orc knight.
The orc knight is heavily wounded.
The orc knight hits you with a +2 battleaxe!!
You puncture the orc knight!
The orc knight is severely wounded.
The orc knight hits you with a +2 battleaxe!!
* * * LOW HITPOINT WARNING * * *
Okay, then.
You hit the orc knight. You drain the orc knight.
The orc knight is severely wounded.
The orc knight hits you with a +2 battleaxe!
You die...

#....# #.#####
#....#######.#
###..........#.#
#............#.#####
#########.#..>.......'......
#.......................####
#.#####'###############.####
#.........# #.....
#.#######@# #..... {#o#
#.###. { #.# #..##. { { {
#.# {{ #...#. { { #.# {
#..... { {{ #.# {{{ #.....
{#.###{###.# {{#.....
{#.........# #.##..
#####'##### #.##..


You could see an orc knight (drained).

Vanquished Creatures
  A wyvern (D:7)
  A steam dragon (D:7)
  Eustachio (D:6)
  Duvessa (D:4)
  A black bear (D:6)
  2 ogres
  A centaur (D:7)
  A phantom (D:5)
  4 scorpions
  2 bullfrogs (D:6)
  Dowan (D:4)
  2 howler monkeys
  2 jellies (D:7)
  2 hounds
  2 orc priests (D:5)
  Crazy Yiuf (D:6)
  Jessica (D:2)
  2 iguanas
  2 orc wizards
  14 adders
  2 shadow imps (D:5)
  5 dart slugs
  9 orcs
  10 ball pythons
  3 bats
  9 endoplasms
  2 giant cockroaches
  7 goblins
  8 hobgoblins
  6 jackals
  4 quokkas
  6 frilled lizards
  6 kobolds
  9 rats
130 creatures vanquished.

Notes
Turn   | Place    | Note
-------+----------+-------------------------------------------
     0 | D:1      | Graphine the Formicid Hunter began the quest for the Orb.
     0 | D:1      | Reached XP level 1. HP: 16/16 MP: 1/1
    68 | D:1      | Reached XP level 2. HP: 22/22 MP: 2/2
   186 | D:1      | Found a faded altar of an unknown god.
   199 | D:1      | Prayed at the altar of an unknown god.
   199 | D:1      | Became a worshipper of the Wu Jian Council
   199 | D:1      | Reached * piety under Wu Jian
   244 | D:1      | Reached XP level 3. HP: 28/28 MP: 3/3
   383 | D:1      | Reached skill level 1 in Armour
   742 | D:2      | Noticed Jessica
   751 | D:2      | Killed Jessica
   752 | D:2      | Reached XP level 4. HP: 34/34 MP: 4/4
   848 | D:2      | Reached ** piety under Wu Jian
  1226 | D:2      | Reached XP level 5. HP: 40/40 MP: 5/5
  1229 | D:2      | Identified the amulet "Cipiehol" {Reflect rPois Dex+5 SH+5}
  1280 | D:2      | Found a shimmering altar of Xom.
  1484 | D:3      | Found a sacrificial altar of Ru.
  1935 | D:3      | Found an ornate altar of the Wu Jian Council.
  2196 | D:4      | Reached skill level 5 in Ranged Weapons
  2269 | D:4      | Noticed Duvessa
  2269 | D:4      | Noticed Dowan
  2282 | D:4      | Killed Duvessa
  2283 | D:4      | Reached XP level 6. HP: 41/47 MP: 6/6
  2330 | D:4      | Killed Dowan
  2491 | D:4      | Reached *** piety under Wu Jian
  2741 | D:4      | Reached XP level 7. HP: 52/52 MP: 7/7
  3160 | D:5      | Entered Level 5 of the Dungeon
  3287 | D:5      | Found a staircase to the Ecumenical Temple.
  3301 | D:5      | Reached skill level 6 in Ranged Weapons
  3301 | D:5      | Reached skill level 1 in Shields
  3407 | D:5      | HP: 2/54 [orc/+0 whip (1)]
  3721 | D:5      | Found a snail-covered altar of Cheibriados.
  3722 | D:5      | Found a glowing golden altar of the Shining One.
  3723 | D:5      | Found a stormy altar of Qazlal.
  3724 | D:5      | Found a broken altar of Ashenzari.
  3878 | D:5      | Reached XP level 8. HP: 60/60 MP: 8/8
  4704 | D:6      | Noticed Eustachio
  4727 | D:6      | Killed Eustachio
  4830 | D:6      | Found a runed translucent door.
  4831 | D:6      | Noticed Crazy Yiuf
  4888 | D:6      | Reached skill level 5 in Stealth
  4893 | D:6      | Reached skill level 7 in Ranged Weapons
  4933 | D:6      | Reached XP level 9. HP: 63/67 MP: 9/9
  4940 | D:6      | Reached **** piety under Wu Jian
  5102 | D:6      | Reached skill level 5 in Fighting
  5205 | D:6      | Killed Crazy Yiuf
  5888 | D:7      | Noticed an orc knight
  5900 | D:7      | Slain by an orc knight

Illustrated notes

Levels and vault maps discovered:
D:1:      lightli_arrival_isolated_outpost, layout_basic,
          hellmonk_ecumenical_altar_run_dry, serial_bayou_crossing
D:2:      layout_loops_cross, basic_altar, kennysheep_generic_room_5,
          uniq_jessica
D:3:      layout_loops_ring, nicolae_wu_jian_glorious_leap,
          mainiacjoe_overflow_concentric_impassable
D:4:      layout_basic, uniq_duvessa
D:5:      layout_basic, mainiacjoe_overflow_alcove_3,
          minmay_temple_entry_junction, st_stairs_6
D:6:      layout_rooms, uniq_crazy_yiuf_cottage, uniq_eustachio
D:7:      layout_basic, minmay_the_grid_2x2 [minmay_the_grid_armoury,
          minmay_the_grid_broken_lines, minmay_the_grid_box_x,
          minmay_the_grid_prize_inner_circle]

Skill      XL: |  1  2  3  4  5  6  7  8  9 |
---------------+----------------------------+-----
Dodging        | 2 3 4 |  4.4
Armour         | 1 2 3 4 |  4.8
Stealth        | 2 3 4 5 |  5.9
Fighting       | 3 4 5 |  5.3
Ranged Weapons | 5 6 7 |  7.6
Shields        | 1 3 4 |  4.4

Action                     |  1- 3 |  4- 6 |  7- 9 || total
---------------------------+-------+-------+-------++-------
  Melee: Dagger            |    20 |    51 |   136 ||   207
         Punch             |       |     1 |       ||     1
   Fire: Shortbow          |    57 |    99 |   137 ||   293
Ability: Whirlwind         |       |       |     1 ||     1
    Use: Scroll            |     2 |     5 |    13 ||    20
         Potion            |       |       |     2 ||     2
 Armour: Leather armour    |     9 |     8 |    31 ||    48
  Dodge: Dodged            |    22 |    38 |   115 ||   175
  Block: Other             |       |     9 |    42 ||    51
         Reflection        |       |       |     2 ||     2
